 Dungeon Crawl Stone Soup version 0.28-a0-529-g3bad584f25 (webtiles) character file.

Game seed: 12506896287626466031

294 pokedragonboy the Caller (level 6, 32/32 HPs)
             Began as a Deep Elf Summoner on Sept 25, 2021.
             Was an Initiate of Ashenzari.
             Quit the game on level 4 of the Dungeon.
             The game lasted 00:20:37 (5869 turns).

pokedragonboy the Caller (Deep Elf Summoner)        Turns: 5869, Time: 00:20:37

Health: 32/32      AC:  3    Str:  5    XL:     6   Next: 11%
Magic:  15/15      EV: 12    Int: 22    God:    Ashenzari [......]
Gold:   180        SH:  0    Dex: 15    Spells: 3/14 levels left

rFire   . . .      SeeInvis .   v - +0 short sword (venom)
rCold   . . .      Faith    .   (no shield)
rNeg    . . .      Spirit   .   a - +0 robe
rPois   .          Reflect  .   (no helmet)
rElec   .          Harm     .   l - +0 cloak
rCorr   .          Rampage  .   (no gloves)
Will    .....                   (no boots)
Stlth   ++........              s - amulet of magic regeneration
HPRegen 0.10/turn               (no ring)
MPRegen 0.39/turn               (no ring)

@: no status effects
A: no striking features
a: Renounce Religion, Curse Item


You were on level 4 of the Dungeon.
You worshipped Ashenzari.
Ashenzari was noncommittal.
You visited 1 branch of the dungeon, and saw 4 of its levels.
You also visited: Sewer.

You collected 180 gold pieces.

Inventory:

Hand Weapons
 e - a +0 dagger
 v - a +0 short sword of venom (weapon)
Armour
 a - a +0 robe (worn)
 l - a +0 cloak (worn)
 y - a +0 helmet
Magical Staves
 f - a staff of poison
 r - a staff of conjuration
Jewellery
 n - a ring of fire
 s - an amulet of magic regeneration (around neck)
Scrolls
 b - 2 scrolls of blinking
 c - 3 scrolls of fear
 d - a scroll of summoning
 g - 2 scrolls of torment
 i - 2 scrolls of enchant armour
 o - 2 scrolls of teleportation
 p - a scroll of amnesia
 q - a scroll of immolation
 t - a scroll of magic mapping
 w - a scroll of fog
Potions
 h - a potion of brilliance
 j - a potion of heal wounds
 k - a potion of curing
 m - 3 potions of haste
 u - a potion of attraction
 x - 2 potions of flight


   Skills:
 - Level 2.4 Dodging
 - Level 2.4 Stealth
 + Level 4.9 Spellcasting
 * Level 3.7 Hexes
 * Level 6.6 Summonings


You had 3 spell levels left.
You knew the following spells:

 Your Spells              Type           Power      Damage    Failure   Level
a - Summon Small Mammal   Summ           100%       N/A       1%          1
b - Call Imp              Summ           34%        N/A       1%          2
c - Call Canine Familiar  Summ           34%        N/A       1%          3
d - Slow                  Hex            21%        N/A       3%          2
e - Summon Guardian Gole  Hex/Summ       28%        N/A       3%          3

Your spell library contained the following spells:

 Spells                   Type           Power      Damage    Failure   Level
 Confusing Touch          Hex            21%        N/A       7%          3
 Corpse Rot               Necr/Air       N/A        N/A       16%         2
 Static Discharge         Conj/Air       5%         N/A       16%         2
 Summon Lightning Spire   Summ/Air       19%        N/A       26%         4
 Dispel Undead            Necr           5%         3d7       71%         4
 Yara's Violent Unravell  Hex/Tmut       6%         3d5       78%         5
 Lightning Bolt           Conj/Air       2%         1d14      96%         5
 Death Channel            Necr           2%         N/A       100%        6
 Maxwell's Capacitive Co  Air            2%         ∞         100%        8


Dungeon Overview and Level Annotations

Branches:
Dungeon (4/15)              Sewer (visited)
 Temple: D:4-7

Altars:
Ashenzari
Gozag
Kikubaaqudgha
Zin

Annotations:
D:4 3 runed translucent doors, meatgazer's ghost, amateur DsAK


Message History

Casting: Call Imp (safe; 1% risk of failure)
Confirm with . or Enter, or press ? or * to list all spells.
The ball python bites you but does no damage.
The ball python barely misses you.
Casting: Summon Small Mammal (safe; 1% risk of failure)
Confirm with . or Enter, or press ? or * to list all spells.
The ball python barely misses you. x2; Your quokka misses the ball python.
The ball python closely misses you. The ball python barely misses you.
Unknown command.
Casting: Summon Small Mammal (safe; 1% risk of failure)
Confirm with . or Enter, or press ? or * to list all spells.
Your quokka completely misses the ball python.
The ball python bites you. The ball python grabs you.
The ball python constricts you.
You barely miss the ball python.
Your quokka bites the ball python.
The ball python dies!
Magic restored.
HP restored.
You swap places.
Found an ancient bone altar of Kikubaaqudgha.
There is an ancient bone altar of Kikubaaqudgha here.
You swap places.
Your quokka disappears in a puff of smoke!
You swap places.
Your quokka disappears in a puff of smoke!
You swap places.
Found 21 stones.
You see here 21 stones.
You see here 19 stones.
Ashenzari invites you to partake of a vision and a curse of beguiling and fortitude.
Okay, then.
You swap places.
You swap places.
You swap places.
Saving game... please wait.
Level annotation: 3 runed translucent doors, meatgazer's ghost, amateur DsAK Welcome back, pokedragonboy the Deep Elf Summoner.
Ashenzari says: Partake of my vision.
Partake of my curse.
Press ? for a list of commands and other information.
Are you sure you want to abandon this character and quit the game? (Confirm with "yes".)

#............# #............###
#....)......)...
#...............
#(..[...........
###...............
######...)...###.....?h
##..................>...
...............h@.###.
##...#.........####
...#.#...#.#####
.#.#.....#.#############
.#.#.....#.............#
...#.#.#.#############.#########
...#...#.......#...............#
...###########.#.###.#.#########
<..# #.....###.#


You could see a jackal (asleep) and a friendly hound (summoned).

Vanquished Creatures
  An orc priest (D:3)
  An adder (D:3)
  4 ball pythons
  A bat (D:1)
  2 hobgoblins
9 creatures vanquished.

Vanquished Creatures (collateral kills)
  Crazy Yiuf (D:2)
  A gnoll (D:4)
  10 adders
  4 worms
  14 orcs
  7 bats
  7 endoplasms
  4 giant cockroaches
  3 goblins
  5 hobgoblins
  7 jackals
  3 quokkas
  13 ball pythons
  6 frilled lizards
  3 kobolds
  7 rats
95 creatures vanquished.

Vanquished Creatures (others)
  A fungus (D:2)
1 creature vanquished.

Grand Total: 105 creatures vanquished

Notes
Turn   | Place    | Note
-------+----------+-------------------------------------------
     0 | D:1      | pokedragonboy the Deep Elf Summoner began the quest for the
                  | Orb.
     0 | D:1      | Reached XP level 1. HP: 10/10 MP: 6/6
   415 | D:1      | Reached XP level 2. HP: 15/15 MP: 2/8
   938 | D:1      | Learned a level 2 spell: Call Imp
  1131 | D:1      | Reached skill level 5 in Summonings
  1651 | D:2      | Learned a level 2 spell: Slow
  1828 | D:2      | Reached XP level 3. HP: 19/19 MP: 7/10
  1834 | D:2      | Learned a level 3 spell: Call Canine Familiar
  2331 | D:2      | Reached XP level 4. HP: 8/24 MP: 6/12
  2336 | D:2      | Learned a level 3 spell: Summon Guardian Golem
  2676 | D:2      | Found a runed translucent door.
  2677 | D:2      | Noticed Crazy Yiuf
  2717 | D:2      | Found a glowing silver altar of Zin.
  2784 | D:2      | Killed Crazy Yiuf
  2785 | D:2      | Reached skill level 1 in Hexes
  3219 | D:3      | Reached skill level 6 in Summonings
  3400 | D:3      | Reached XP level 5. HP: 28/28 MP: 4/13
  3946 | D:3      | Found a broken altar of Ashenzari.
  4528 | D:3      | Became a worshipper of Ashenzari the Shackled
  4637 | D:4      | Found a runed translucent gate.
  4637 | D:4      | Found a runed translucent gate.
  4637 | D:4      | Found a runed translucent gate.
  4643 | D:4      | Found an opulent altar of Gozag.
  4645 | D:4      | Noticed an orc warrior
  4645 | D:4      | Noticed an orc warrior
  4645 | D:4      | Noticed meatgazer's ghost (amateur DsAK)
  4858 | D:4      | Found a glowing drain.
  4868 | Sewer    | Entered a sewer
  4882 | Sewer    | Reached XP level 6. HP: 18/32 MP: 9/15
  5721 | D:4      | Found an ancient bone altar of Kikubaaqudgha.
  5869 | D:4      | Quit the game

Illustrated notes

Levels and vault maps discovered:
D:1:      dpeg_arrival_arbitrary_a, layout_loops_ring, serial_rivers,
          chequers_serial_rivers_micro_c, chequers_serial_rivers_large_b,
          chequers_serial_rivers_small_3, chequers_serial_rivers_large_a
D:2:      layout_rooms, basic_altar, st_stairs_12, minmay_snake_closets,
          uniq_crazy_yiuf_cottage
D:3:      layout_rooms, nicolae_ashenzari_skybound
D:4:      layout_basic, marbit_many_paths, minmay_temple_entry_nine_rooms,
          ebering_ghost_gozag, portal_sewer_entry_d, minmay_statues_item

Skill      XL: |  1  2  3  4  5 |
---------------+----------------+-----
Summonings     | 5 6 |  6.6
Spellcasting   | 4 |  4.9
Hexes          | 2 3 |  3.7
Dodging        | |  2.4
Stealth        | |  2.4

Action                   |  1- 3 |  4- 6 || total
-------------------------+-------+-------++-------
Melee: Unarmed           |     9 |       ||     9
       Staff             |    20 |    26 ||    46
       Short sword       |       |     8 ||     8
 Cast: Summon Small Mamm |    71 |    74 ||   145
       Call Imp          |    15 |    30 ||    45
       Slow              |       |     2 ||     2
       Call Canine Famil |       |     9 ||     9
       Summon Guardian G |       |     3 ||     3
  Use: Potion            |       |     3 ||     3
 Stab: Sleeping          |     2 |     1 ||     3
Armor: Robe              |     7 |    25 ||    32
Dodge: Dodged            |    33 |    66 ||    99

Table legend: (Time is in decaauts)
 A = Elapsed time spent in this place.
 B = Non-inter-level travel time spent in this place.
 C = Inter-level travel time spent in this place.
 D = Time resting spent in this place.
 E = Time spent auto-exploring this place.
 F = Levels seen in this place.
 G = Mean time per level.
                   A        B        C        D        E       F      G
               +--------+--------+--------+--------+--------+-----+--------+
         Total |   6052 |   5965 |     87 |   1021 |   3282 |   5 | 1210.4 |
       Dungeon |   5162 |   5075 |     87 |   1021 |   2883 |   4 | 1290.5 |
         Sewer |    890 |    890 |      0 |      0 |    398 |   1 |  890.0 |
               +--------+--------+--------+--------+--------+-----+--------+

Top non-repeatable levels by time:
     D:2: 1835 daAuts
     D:1: 1603 daAuts
     D:3: 1160 daAuts
   Sewer: 890 daAuts
     D:4: 563 daAuts
